 Dungeon Crawl Stone Soup version 0.28-a0-474-g535839065c (webtiles) character file.

Game seed: 18056022989341956728

30 frimble the Grasshopper (level 3, -3/24 HPs)
             Began as an Octopode Warper on Sept 16, 2021.
             Slain by a quokka (5 damage)
             ... on level 2 of the Dungeon.
             The game lasted 00:00:50 (1296 turns).

frimble the Grasshopper (Octopode Warper)           Turns: 1296, Time: 00:00:51

Health: -3/24      AC:  1    Str: 10    XL:     3   Next: 18%
Magic:  6/6        EV: 13    Int: 16    God:
Gold:   27         SH:  0    Dex: 11    Spells: 6/6 levels left

rFire   . . .      SeeInvis .   a - +0 short sword
rCold   . . .      Faith    .   (no shield)
rNeg    . . .      Spirit   .   (helmet restricted)
rPois   .          Reflect  .   (no amulet)
rElec   .          Harm     .   (no ring)
rCorr   .          Rampage  .   (no ring)
Will    .....                   (no ring)
Stlth   +++.......              (no ring)
HPRegen 0.08/turn               (no ring)
MPRegen 0.10/turn               (no ring)
                                (no ring)
                                (no ring)

@: slowed, very slow
A: almost no armour, amphibious, 8 rings, camouflage 1, gelatinous body 1,
(nimble swimmer 1), tentacles
a: no special abilities


You were on level 2 of the Dungeon.
You visited 1 branch of the dungeon, and saw 2 of its levels.

You collected 27 gold pieces.

Inventory:

Hand Weapons
 a - a +0 short sword (weapon)
Missiles
 c - 5 boomerangs of dispersal (quivered)
Scrolls
 b - a scroll of blinking
Potions
 d - a potion of heal wounds {unknown}


   Skills:
 - Level 2.0 Fighting
 + Level 2.8 Short Blades
 - Level 1.0 Throwing
 - Level 2.3 Dodging
 + Level 2.7 Stealth
 - Level 2.0 Spellcasting
 - Level 3.0 Translocations


You had 6 spell levels left.
You didn't know any spells.
Your spell library contained the following spells:

 Spells                   Type           Power      Damage    Failure   Level
 Blink                    Tloc           N/A        N/A       9%          2
 Gell's Gravitas          Tloc           5%         N/A       19%         3
 Lesser Beckoning         Tloc           11%        N/A       19%         3
 Teleport Other           Tloc           11%        N/A       19%         3
 Manifold Assault         Tloc           11%        N/A       86%         5


Dungeon Overview and Level Annotations

Branches:
Dungeon (2/15)

Altars:

Annotations:
D:2 Natasha


Innate Abilities, Weirdness & Mutations

You cannot wear most types of armour.
You are amphibious.
You can wear up to eight rings at the same time.
Your skin changes colour to match your surroundings (Stealth+).
Your rubbery body absorbs attacks. (AC +1, EV +1)
((You are camouflaged near water. (Stealth+)))
You have tentacles for arms and can constrict up to eight enemies at once.


Message History

A dart slug comes into view.
A ball python comes into view.
The hobgoblin barely misses you.
The quokka bites you but does no damage.
The hobgoblin hits you.
You barely miss the hobgoblin.
The ball python hisses angrily.
You grab the hobgoblin. You constrict the hobgoblin.
The hobgoblin closely misses you.
The quokka bites you but does no damage.
The hobgoblin closely misses you. The frilled lizard misses you.
The hobgoblin misses you. The quokka barely misses you. Natasha misses you.
You barely miss the hobgoblin.
The hobgoblin is moderately wounded.
You constrict the hobgoblin. The quokka closely misses you.
The hobgoblin misses you.
The frilled lizard completely misses you.
The hobgoblin barely misses you. Natasha misses you. The quokka bites you.
The frilled lizard bites you. The hobgoblin hits you.
You are too injured to fight recklessly!
You are too injured to fight recklessly!
You are too injured to fight recklessly!
You are too injured to fight recklessly!
You are too injured to fight recklessly!
You are too injured to fight recklessly!
You are too injured to fight recklessly!
You are too injured to fight recklessly!
You are too injured to fight recklessly!
You release your grip on the hobgoblin.
The hobgoblin hits you but does no damage.
Natasha claws you. The frilled lizard barely misses you.
The hobgoblin barely misses you. Natasha misses you.
The quokka bites you but does no damage.
Natasha claws you!
* * * LOW HITPOINT WARNING * * *
The quokka bites you.
* * * LOW HITPOINT WARNING * * *
The quokka barely misses you. The quokka bites you.
You die...

####### #..<..#
#.#.#.# #...#.#
#........#########.#
#........#.........#
#........#.#########
#........#.#
#........#@#
#........#r#
#........#h#.###
#......glgS....#
#.......!#...#.#
...#####.#.### .
..... .......
.........


You could see Natasha, a quokka, a hobgoblin and a ball python.

Vanquished Creatures
  A bat (D:1)
  An endoplasm (D:1)
  2 giant cockroaches (D:1)
  A goblin (D:1)
  2 hobgoblins (D:1)
  10 jackals (D:1)
  A quokka (D:1)
  4 ball pythons
  A kobold (D:1)
  A rat (D:1)
24 creatures vanquished.

Notes
Turn   | Place    | Note
-------+----------+-------------------------------------------
     0 | D:1      | frimble the Octopode Warper began the quest for the Orb.
     0 | D:1      | Reached XP level 1. HP: 14/14 MP: 3/3
   229 | D:1      | Reached skill level 1 in Stealth
   436 | D:1      | Reached XP level 2. HP: 15/19 MP: 5/5
   820 | D:1      | Found a faded altar of an unknown god.
   829 | D:1      | Reached XP level 3. HP: 15/24 MP: 6/6
  1286 | D:2      | Noticed Natasha
  1294 | D:2      | HP: 1/24 [quokka (4)]
  1296 | D:2      | Slain by a quokka

Illustrated notes

Levels and vault maps discovered:
D:1:      dpeg_arrival_connections, layout_basic,
          shapermc_ecumenical_altar_notcrosses
D:2:      layout_basic, serial_shops, shop, uniq_natasha,
          uniq_crazy_yiuf_cottage

Skill      XL: |  1  2 |
---------------+-------+-----
Stealth        | 1 2 |  2.7
Fighting       | |  2.0
Short Blades   | |  2.8
Throwing       | |  1.0
Dodging        | |  2.3
Spellcasting   | |  2.0
Translocations | |  3.0

Action                   || total
-------------------------++-------
Melee: Short sword       ||    59
       Constrict         ||    15
       Tentacles         ||     5
 Stab: Sleeping          ||     5
Armor: Skin              ||     7
Dodge: Dodged            ||    59

Table legend: (Time is in decaauts)
 A = Elapsed time spent in this place.
 B = Non-inter-level travel time spent in this place.
 C = Inter-level travel time spent in this place.
 D = Time resting spent in this place.
 E = Time spent auto-exploring this place.
 F = Levels seen in this place.
 G = Mean time per level.
                   A        B        C        D        E       F      G
               +--------+--------+--------+--------+--------+-----+--------+
         Total |   1298 |   1296 |      2 |      0 |   1142 |   2 |  649.0 |
       Dungeon |   1298 |   1296 |      2 |      0 |   1142 |   2 |  649.0 |
               +--------+--------+--------+--------+--------+-----+--------+

Top non-repeatable levels by time:
     D:1: 1267 daAuts
     D:2: 31 daAuts
